 Dungeon Crawl Stone Soup version 0.26-a0-1020-ge47f559bc5 (webtiles) character file.

Game seed: 1713646337729495771

127 Conn the Firebug (level 5, -4/32 HPs)
             Began as an Octopode Fire Elementalist on Dec 8, 2020.
             Slain by an orc
             ... wielding a cursed +0 war axe
              (9 damage)
             ... on level 3 of the Dungeon.
             The game lasted 00:08:11 (3059 turns).

Conn the Firebug (Octopode Fire Elementalist)       Turns: 3059, Time: 00:08:12

Health: -4/32      AC:  1    Str:  6 (8)  XL:     5   Next: 11%
Magic:  8/8        EV: 13    Int: 16 (18) God:
Gold:   92         SH:  0    Dex:  9 (12) Spells: 5/9 levels left

rFire    . . .     SeeInvis .   a - +3 dagger (speed)
rCold    . . .     Faith    .   (no shield)
rNeg     . . .     Spirit   .   (helmet restricted)
rPois    .         Reflect  .   (no amulet)
rElec    .         Harm     .   (no ring)
rCorr    .         Rampage  .   (no ring)
Will     .....                  (no ring)
Stlth    +++.......             (no ring)
HPRegen  0.10/turn              (no ring)
MPRegen  0.11/turn              (no ring)
                                (no ring)
                                (no ring)

@: no status effects
A: almost no armour, stealthy swim, amphibious, 8 rings, constrict 8, camouflage
1, gelatinous body 1
a: no special abilities


You were on level 3 of the Dungeon.
You visited 1 branch of the dungeon, and saw 3 of its levels.

You collected 92 gold pieces.

Inventory:

Hand Weapons
 a - a +3 dagger of speed (weapon)
 b - a +2 spear of distortion
Missiles
 d - 28 poisoned darts (quivered)
 f - 50 sling bullets
Scrolls
 j - a scroll of remove curse
 l - a scroll of amnesia


   Skills:
 + Level 0.9 Fighting
 + Level 0.9 Short Blades
 * Level 3.0 Dodging
 + Level 3.2 Stealth
 + Level 2.5 Spellcasting
 * Level 1.8 Conjurations
 * Level 3.8 Fire Magic


You had 5 spell levels left.
You knew the following spells:

 Your Spells              Type           Power        Failure   Level
a - Foxfire               Conj/Fire      ##..         6%          1
b - Conjure Flame         Conj/Fire      ##......     19%         3

Your spell library contained the following spells:

 Spells                   Type           Power        Failure   Level
 Inner Flame              Hex/Fire       #.......     26%         3
 Sticky Flame             Conj/Fire      ##......     52%         4
 Fireball                 Conj/Fire      ##........   86%         5


Dungeon Overview and Level Annotations

Branches:
Dungeon (3/15)

Altars:


Innate Abilities, Weirdness & Mutations

You cannot wear most types of armour.
You are very stealthy in the water. (Stealth+)
You are amphibious.
You can wear up to eight rings at the same time.
You can use your tentacles to constrict eight enemies at once.
Your skin changes colour to match your surroundings (Stealth+).
Your rubbery body absorbs attacks. (AC +1, EV +1)


Message History

You hit the orc.
The orc is severely wounded.
You constrict the kobold. You constrict the orc. The orc misses you.
Unknown command.
You hit the orc.
You kill the orc!
You constrict the kobold, but do no damage.
The kobold closely misses you.
Unknown command.
You hit the goblin.
You kill the goblin!
You constrict the kobold.
You kill the kobold!
The orc hits you with a cursed +0 war axe!
You feel your intelligence returning.
Unknown command.
The quokka bites you.
* * * LOW HITPOINT WARNING * * *
The orc hits you with a cursed +0 war axe!
You die...

##.........#..###.#
###.......#ยง.....#
#....o#.##.##..#
#######...o.<.# .#
...## #.$..#).# .##
#...##(.#....###...
#......#>r...g....
###...or##...^......
##.....#@##b.........
....#.#>o##(.........
.....................
...$...[o.#..........
..........#.K........
........o.#...#P#.##
..............# .P.
..........#.... ...
................ ..


You could see an orc wizard, 4 orcs and a quokka.

Vanquished Creatures
  3 gnolls (D:2)
  3 adders
  2 worms (D:2)
  2 dart slugs (D:1)
  2 leopard geckos (D:1)
  An orc (D:3)
  3 giant cockroaches (D:1)
  4 goblins
  7 hobgoblins
  10 jackals
  A quokka (D:3)
  A ball python (D:1)
  6 bats
  A frilled lizard (D:2)
  5 kobolds
  4 rats
55 creatures vanquished.

Vanquished Creatures (others)
  An orc (D:3)
  120 foxfires
  A plant (D:3)
122 creatures vanquished.

Grand Total: 177 creatures vanquished

Notes
Turn   | Place    | Note
-------+----------+-------------------------------------------
     0 | D:1      | Conn the Octopode Fire Elementalist began the quest for the
                  | Orb.
     0 | D:1      | Reached XP level 1. HP: 11/11 MP: 3/3
   289 | D:1      | Reached XP level 2. HP: 18/18 MP: 1/5
   561 | D:1      | Reached XP level 3. HP: 15/22 MP: 0/6
   569 | D:1      | Learned a level 3 spell: Conjure Flame
  2154 | D:2      | Reached XP level 4. HP: 27/27 MP: 4/7
  2853 | D:2      | Reached XP level 5. HP: 15/32 MP: 5/8
  3059 | D:3      | Slain by an orc

Illustrated notes

Levels and vault maps discovered:
D:1:      dpeg_arrival_signposts, layout_loops_ring
D:2:      layout_basic
D:3:      cheibrodos_old_hovel, layout_rooms, chequers_ecumenical_altar_twisty,
          uniq_natasha

Skill      XL: |  1  2  3  4 |
---------------+-------------+-----
Stealth        | 3 |  3.2
Dodging        | 3 |  3.0
Fighting       | |  0.9
Short Blades   | |  0.9
Spellcasting   | |  2.5
Conjurations   | |  1.8
Fire Magic     | |  3.8

Action                   |  1- 3 |  4- 6 || total
-------------------------+-------+-------++-------
Melee: Unarmed           |    18 |       ||    18
       Tentacles         |     6 |     5 ||    11
       Constrict         |    10 |    10 ||    20
       Dagger            |    19 |    36 ||    55
 Cast: Foxfire           |    47 |    24 ||    71
  Use: Scroll            |       |    10 ||    10
       Potion            |       |     6 ||     6
 Stab: Sleeping          |     2 |     2 ||     4
Armor: Skin              |     5 |     3 ||     8
Dodge: Dodged            |    35 |    39 ||    74

Table legend: (Time is in decaauts)
 A = Elapsed time spent in this place.
 B = Non-inter-level travel time spent in this place.
 C = Inter-level travel time spent in this place.
 D = Time resting spent in this place.
 E = Time spent auto-exploring this place.
 F = Levels seen in this place.
 G = Mean time per level.
                   A        B        C        D        E       F      G
               +--------+--------+--------+--------+--------+-----+--------+
         Total |   3045 |   2908 |    137 |    665 |   1500 |   3 | 1015.0 |
       Dungeon |   3045 |   2908 |    137 |    665 |   1500 |   3 | 1015.0 |
               +--------+--------+--------+--------+--------+-----+--------+

Top non-repeatable levels by time:
     D:2: 1634 daAuts
     D:1: 1300 daAuts
     D:3: 110 daAuts
